 Dungeon Crawl Stone Soup version 0.30.0-13-g156ef70053 (webtiles) character file.

Game seed: 8215810654154438034

2 SnakkuSnakku7 the Ducker (level 1, -1/12 HPs)
             Began as a Tengu Hexslinger on May 18, 2023.
             Slain by a hobgoblin (2 damage)
             ... on level 1 of the Dungeon.
             The game lasted 00:00:13 (93 turns).

SnakkuSnakku7 the Ducker (Tengu Hexslinger)           Turns: 93, Time: 00:00:14

Health: -1/12      AC:  2    Str: 10    XL:     1   Next: 30%
Magic:  3/3        EV: 12    Int: 13    God:
Gold:   12         SH:  0    Dex: 14    Spells: 1/2 levels left

rFire   . . .        a - +0 whip
rCold   . . .        (no shield)
rNeg    . . .        c - +0 robe
rPois   .            (helmet restricted)
rElec   .            (no cloak)
rCorr   .            (no gloves)
SInv    .            (boots unavailable)
Will    .....        (no amulet)
Stlth   +            (no ring)
HPRegen 0.22/turn    (no ring)
MPRegen 0.08/turn

%: no passive effects
@: no status effects
A: beak, talons 3
a: no special abilities


You were on level 1 of the Dungeon.
You visited 1 branch of the dungeon, and saw 1 of its levels.

You collected 12 gold pieces.

Inventory:

Hand Weapons
 a - a +0 whip (weapon)
 d - a +1 sling
Armour
 c - a +0 robe (worn)
Scrolls
 b - a scroll of poison
 e - a scroll of fear {unknown}


   Skills:
 + Level 1.3 Fighting
 - Level 2.1 Ranged Weapons
 - Level 2.1 Dodging
 - Level 1.0 Spellcasting
 - Level 2.1 Hexes


You had one spell level left.
You knew the following spells:

 Your Spells              Type           Power      Damage    Failure   Level
a - Slow                  Hex            24%        N/A       12%         1

Your spell library contained the following spells:

 Spells                   Type           Power      Damage    Failure   Level
 Inner Flame              Hex/Fire       3%         N/A       47%         3
 Portal Projectile        Hex/Tloc       6%         N/A       47%         3
 Cause Fear               Hex            3%         N/A       75%         4


Dungeon Overview and Level Annotations

Branches:
Dungeon (1/15)

Altars:


Innate Abilities, Weirdness & Mutations

You have a beak for a mouth.
You have claws for feet.


Message History

The legendary Orb of Zot lies far below, as if waiting for you to find it.
Press ? for a list of commands and other information.
Found a whip.
Found a staircase leading out of the dungeon.
You see here a +0 whip.
d - a +0 whip
d - a +0 whip (weapon)
Adjust to which letter? (? for menu, Esc to quit)
a - a +0 whip (weapon);
d - a +1 sling
Found a stone staircase leading down.
A kobold comes into view. It is wielding a +0 short sword.
The kobold shouts!
You hit the kobold. You claw the kobold.
You kill the kobold!
Things that are here:
a +0 short sword; a kobold corpse
e - a scroll labelled ARROMOITIAM
Found 3 stones.
You see here 3 stones.
You now have 12 gold pieces.
A goblin comes into view. It is wielding a +0 club.
A hobgoblin comes into view.
The hobgoblin shouts!
You hear a shout!
The hobgoblin moves out of view.
A goblin comes into view. It is wielding a +0 club.
The goblin shouts!
The goblin hits you with a +0 club.
You miss the goblin. Your kick misses the goblin.
The goblin hits you with a +0 club.
You are too injured to fight recklessly!
You barely miss the goblin. You claw the goblin.
You kill the goblin!
The hobgoblin barely misses you.
You see here a +0 club.
You closely miss the hobgoblin. Your kick misses the hobgoblin.
The hobgoblin hits you.
* * * LOW HITPOINT WARNING * * *
You barely miss the hobgoblin. The hobgoblin barely misses you.
The hobgoblin hits you.
You die...

##...... ###~###
#...:... #.#≈#.# ..
#......###.#≈#.###..
#..........#≈#... .#
.....###.#≈#.###..
#....#.#≈#.#...#
#....###≈###..##
#########.......(.....##
.....gg@....##.#...#..##
......###...##.#.#......
..... #...##.#.#.####.
.... #........#.# #. ###
#...##.###.# ##
...........# #
######....### # ..
####### #......


You could see a hobgoblin and a goblin.

Vanquished Creatures
  A goblin (D:1)
  A kobold (D:1)
2 creatures vanquished.

Notes
Turn   | Place    | Note
-------+----------+-------------------------------------------
     0 | D:1      | SnakkuSnakku7 the Tengu Hexslinger began the quest for the
                  | Orb.
     0 | D:1      | Reached XP level 1. HP: 12/12 MP: 3/3
    93 | D:1      | Slain by a hobgoblin

Illustrated notes

Levels and vault maps discovered:
D:1:      minmay_arrival_stone_box, layout_basic,
          shapermc_ecumenical_altar_mp_highgroup, grunt_decor_cap

Action                     || total
---------------------------++-------
  Melee: Whip              ||     5
         Kick              ||     2
  Dodge: Dodged            ||     2
